 Dungeon Crawl Stone Soup version 0.20.0-15-g7f486f2 (webtiles) character file.

275 Mesmaeker13 the Slasher (level 6, -7/56 HPs)
             Began as a Minotaur Gladiator on June 9, 2017.
             Was an Initiate of Gozag.
             Mangled by Duvessa
             ... wielding a +3 short sword of electrocution
              (16 damage)
             ... on level 4 of the Dungeon.
             The game lasted 00:05:33 (3099 turns).

Mesmaeker13 the Slasher (Minotaur Gladiator)        Turns: 3099, Time: 00:05:34

Health: -7/56      AC: 12    Str: 18    XL:     6   Next: 3%
Magic:  5/5        EV:  8    Int:  7    God:    Gozag
Gold:   244        SH:  0    Dex: 12    Spells: 5/5 levels left

rFire    . . .     SeeInvis .   h - +4 dagger (venom)
rCold    . . .     Gourm    .   (no shield)
rNeg     . . .     Faith    .   n - +0 chain mail
rPois    .         Spirit   .   c - +0 hat
rElec    .         Reflect  .   o - +2 cloak
rCorr    .         Harm     .   (no gloves)
MR       .....                  (no boots)
Stlth    ..........             (no amulet)
Regen    0.2/turn               (no ring)
MPRegen  0.1/turn               (no ring)

@: no status effects
A: retaliatory headbutt, horns 2
a: Potion Petition, Call Merchant, Bribe Branch, Renounce Religion


You were on level 4 of the Dungeon.
You worshipped Gozag.
Gozag was aware of your devotion.
You were not hungry.

You visited 1 branch of the dungeon, and saw 4 of its levels.

You collected 290 gold pieces.
You paid 46 gold pieces to Gozag.

Inventory:

Hand Weapons
 a - a +0 long sword
 h - a +4 dagger of venom (weapon)
Armour
 c - a +0 hat (worn)
 n - a +0 chain mail (worn)
 o - a +2 cloak (worn)
Wands
 g - a wand of polymorph (7/24)
Scrolls
 b - a scroll of fog {unknown}
 d - a scroll of recharging {unknown}
 e - a scroll of teleportation {unknown}
 j - a scroll of noise {unknown}
 k - a scroll of fear {unknown}
 l - a scroll of amnesia {unknown}
Potions
 i - a potion of curing
 m - a potion of haste {unknown}
 q - a potion of agility {unknown}
Comestibles
 f - 2 bread rations
 p - a fruit


   Skills:
 + Level 5.1 Fighting
 + Level 5.2 Long Blades
 - Level 2.0 Throwing
 + Level 3.8 Armour
 - Level 3.2 Dodging


You had 5 spell levels left.
You didn't know any spells.

Dungeon Overview and Level Annotations

Branches:
Dungeon (4/15)
 Temple: D:4-7

Altars:
Gozag
Trog

Annotations:
D:3 Sigmund
D:4 Duvessa


Innate Abilities, Weirdness & Mutations

You reflexively headbutt those who attack you in melee.
You have a pair of horns on your head.


Message History

Duvessa is heavily wounded.
Duvessa hits you with a short sword of electrocution!
You hit Duvessa but do no damage.
Duvessa looks as sick as possible!
Duvessa is heavily wounded.
Duvessa hits you with a short sword of electrocution.
Duvessa hits you with a short sword of electrocution!
* * * LOW HITPOINT WARNING * * *
Unknown command.
Evoke which item? (* to show all) (? for menu, Esc to quit)
Aiming: Polymorph (will waste charges)
Press: ? - help, Shift-Dir - straight line, f/p - Duvessa
Aim: Duvessa, wielding a short sword of electrocution and wearing a glowing ring mail (heavily wounded, berserk, fast, unusually strong, poisoned, chance to defeat MR: 28%) Duvessa resists with almost no effort.
Evoking this partially-identified wand wasted a few charges.
Duvessa barely misses you.
Duvessa hits you with a short sword of electrocution.
* * * LOW HITPOINT WARNING * * *
You are electrocuted!
You die...
Your body crumbles into a pile of gold.

..######...##.# #.#
..........###.# #.. #######...#
#.# #. ##..# #.# #..###.######
#............ #########
#..##.######
#.......##########.....#
#.......#.).....@e.###.#
#.......#)########## ###
#.......(.#######################
#..............o...............o.
#.......#########################
#.......# #.......# #.......#
#.......#


You could see Duvessa (berserk).

Vanquished Creatures
  A centaur (D:4)
  Dowan (D:4)
  An orc priest (D:4)
  2 worker ants
  An adder (D:2)
  A worm (D:3)
  4 dart slugs
  2 leopard geckos
  2 orcs (D:4)
  4 giant cockroaches
  5 goblins
  2 hobgoblins
  9 kobolds
  A ball python (D:1)
  8 bats
  3 frilled lizards
  A leopard gecko skeleton (D:4)
  A quokka skeleton (D:4)
  5 rats
54 creatures vanquished.

Notes
Turn   | Place    | Note
-------+----------+-------------------------------------------
     0 | D:1      | Mesmaeker13 the Minotaur Gladiator began the quest for the Orb.
     0 | D:1      | Reached XP level 1. HP: 18/18 MP: 0/0
   253 | D:1      | Reached XP level 2. HP: 13/25 MP: 1/1
   434 | D:1      | Reached skill level 1 in Armour
   877 | D:2      | Found a bloodstained altar of Trog.
   980 | D:2      | Reached XP level 3. HP: 31/31 MP: 2/2
  1581 | D:3      | Found an opulent altar of Gozag.
  1891 | D:3      | Became a worshipper of Gozag Ym Sagoz the Greedy
  1944 | D:3      | Noticed Sigmund
  2248 | D:3      | Reached XP level 4. HP: 34/40 MP: 3/3
  2411 | D:4      | Noticed Dowan
  2412 | D:4      | Noticed Duvessa
  2471 | D:4      | Killed Dowan
  2471 | D:4      | Reached XP level 5. HP: 23/47 MP: 4/4
  2707 | D:4      | Noticed a centaur
  2721 | D:4      | Killed a centaur
  2721 | D:4      | Reached skill level 5 in Long Blades
  2818 | D:4      | Reached skill level 5 in Fighting
  2949 | D:4      | Reached XP level 6. HP: 32/56 MP: 5/5
  3099 | D:4      | Mangled by Duvessa

Skill      XL: |  1  2  3  4  5 |
---------------+----------------+-----
Armour         | 1 2 3 |  3.8
Fighting       | 3 4 5 |  5.1
Long Blades    | 4 5 |  5.2
Throwing       | |  2.0
Dodging        | |  3.2

Action                   |  1- 3 |  4- 6 || total
-------------------------+-------+-------++-------
Melee: Long sword        |    85 |    33 ||   118
       Headbutt          |     9 |     9 ||    18
       Dagger            |       |    18 ||    18
Throw: Throwing net      |     3 |       ||     3
Evoke: Wand              |       |     2 ||     2
  Use: Scroll            |       |     3 ||     3
       Potion            |       |     1 ||     1
  Eat: Chunk             |     3 |       ||     3
       Meat ration       |       |     1 ||     1
Armor: Leather armour    |    15 |       ||    15
       Chain mail        |    34 |    22 ||    56
       Skin              |       |     2 ||     2
Dodge: Dodged            |    50 |    15 ||    65
       Rpst.: Long sword |    11 |     4 ||    15
